 Dungeon Crawl Stone Soup version 0.24.0-123-gd5b16e6ec5 (webtiles) character file.

Game seed: 8202985799722296484, levelgen mode: deterministic

742 Johnny the Spear-Bearer (level 7, -3/53 HPs)
             Began as a Demigod Gladiator on Jan 22, 2020.
             Shot with an arrow by a centaur (7 damage)
             ... on level 5 of the Dungeon.
             The game lasted 00:04:50 (3817 turns).

Johnny the Spear-Bearer (Demigod Gladiator)         Turns: 3817, Time: 00:04:51

Health: -3/53      AC: 10    Str: 21    XL:     7   Next: 22%
Magic:  9/9        EV: 12    Int: 12    God:
Gold:   209        SH:  0    Dex: 17    Spells: 6/6 levels left

rFire    . . .     SeeInvis .   q - +0 halberd
rCold    . . .     Gourm    .   (shield currently unavailable)
rNeg     . . .     Faith    .   j - +0 chain mail
rPois    .         Spirit   .   c - +0 helmet
rElec    .         Reflect  .   h - +0 cloak
rCorr    .         Harm     .   (no gloves)
MR       .....                  (no boots)
Stlth    ..........             (no amulet)
HPRegen  0.17/turn              n - +3 ring of evasion
MPRegen  0.11/turn              (no ring)

@: lethally poisoned (-3 -> -13), hasted, very quick
A: high mp 1
a: no special abilities


You were on level 5 of the Dungeon.
You were not hungry.

You visited 1 branch of the dungeon, and saw 5 of its levels.

You collected 209 gold pieces.

Inventory:

Hand Weapons
 a - a +0 trident
 p - a +1 spear of piercing
 q - a +0 halberd (weapon)
Armour
 c - a +0 helmet (worn)
 h - a +0 cloak (worn)
 j - a +0 chain mail (worn)
Jewellery
 n - a +3 ring of evasion (left hand)
Wands
 d - a wand of random effects (12)
Scrolls
 e - a scroll of fog
 i - a scroll of enchant armour
 k - a scroll of immolation
 r - a scroll of noise {unknown}
 t - 3 scrolls of remove curse {unknown}
Potions
 b - a potion of haste
Comestibles
 f - 3 rations


   Skills:
 - Level 1.7 Fighting
 + Level 8.1 Polearms
 - Level 1.7 Throwing
 - Level 2.6 Dodging


You had 6 spell levels left.
You didn't know any spells.
Your spell library contained the following spells:

 Spells                   Type           Power        Failure   Level  Hunger
 Animate Skeleton         Necr           N/A          98%         1    ##.....
 Pain                     Necr           #...         98%         1    ##.....
 Regeneration             Chrm/Necr      #.........   100%        3    ####...
 Vampiric Draining        Necr           #.........   100%        3    ####...
 Animate Dead             Necr           N/A          100%        4    #####..


Dungeon Overview and Level Annotations

Branches:
Dungeon (5/15)
 Temple: D:4-7

Annotations:
D:4 1 runed translucent door, Crazy Yiuf
D:5 Edmund


Innate Abilities, Weirdness & Mutations

You have an increased reservoir of magic. (+10% MP)


Message History

You feel sick.
The centaur shoots an arrow.
The arrow hits you but does no damage.
* * * LOW HITPOINT WARNING * * *
You feel sick.
The centaur shoots an arrow.
The arrow hits you.
* * * LOW HITPOINT WARNING * * *
You see here an arrow.
* * * LOW HITPOINT WARNING * * *
You feel sick.
* * * LOW HITPOINT WARNING * * *
You feel sick.
Attack whom?
Press: ? - help, Dir - move target cursor, f/p - Edmund
Aim: Edmund, wielding a +4 dire flail of venom and wearing a cursed +0 ring mail (heavily wounded)
You reach to attack!
You hit Edmund.
Edmund is heavily wounded.
* * * LOW HITPOINT WARNING * * *
You feel sick.
The centaur shoots an arrow.
The arrow barely misses you.
* * * LOW HITPOINT WARNING * * *
You feel sick.
The centaur shoots an arrow.
The arrow hits you!
You die...

. .# ##.# ...#
...# #########
##.# #.......#
##.# ###.#####.#
##.#
########.(c...##.#
##.#######
#....@..@#(......#
...<.....#
#.########.##.##.#
##.#####.###.#
#.......#
#.##........#
#.##.##.#
##.......#####
#.##.##.#
.........###
#.......#
##.##......#
#..#.##.#
.........#.#
#..#.##.#
#..##.#..#.#...
#..#.##.#


You could see Edmund and a centaur.

Vanquished Creatures
  Eustachio (D:4)
  An ogre (D:4)
  A crimson imp (D:4)
  5 orc priests (D:4)
  An orc wizard (D:4)
  Ijyb (D:4)
  Jessica (D:3)
  Terence (D:3)
  A worker ant (D:3)
  Robin (D:3)
  7 gnolls
  2 adders
  A worm (D:3)
  A dart slug (D:2)
  4 leopard geckos
  9 orcs
  7 bats
  6 giant cockroaches
  16 goblins
  11 hobgoblins
  9 kobolds
  4 quokkas
  A ball python (D:1)
  2 frilled lizards (D:2)
  A quokka zombie (D:5)
  12 rats
107 creatures vanquished.

Notes
Turn   | Place    | Note
-------+----------+-------------------------------------------
     0 | D:1      | Johnny the Demigod Gladiator began the quest for the Orb.
     0 | D:1      | Reached XP level 1. HP: 17/17 MP: 3/3
    15 | D:1      | Reached skill level 3 in Polearms
    63 | D:1      | Reached XP level 2. HP: 13/24 MP: 4/4
   356 | D:1      | You fall into a shaft and drop 1 floor!
   689 | D:1      | Reached XP level 3. HP: 28/29 MP: 5/5
   829 | D:1      | Reached skill level 4 in Polearms
  1224 | D:2      | Found a shimmering altar of Xom.
  1292 | D:2      | Found a radiant altar of Vehumet.
  1611 | D:2      | Found a hazy altar of Hepliaklqana.
  1616 | D:2      | You fall into a shaft and drop 2 floors!
  1657 | D:4      | Reached XP level 4. HP: 36/36 MP: 6/6
  1670 | D:4      | Reached skill level 5 in Polearms
  1782 | D:4      | Noticed Eustachio
  1812 | D:4      | Killed Eustachio
  1812 | D:4      | Reached skill level 6 in Polearms
  1812 | D:4      | Reached XP level 5. HP: 33/41 MP: 7/7
  2067 | D:3      | Noticed Robin
  2147 | D:3      | Noticed Terence
  2162 | D:3      | Killed Terence
  2162 | D:3      | Reached XP level 6. HP: 46/48 MP: 8/8
  2570 | D:3      | Killed Robin
  2672 | D:3      | Noticed Jessica
  2674 | D:3      | Reached skill level 7 in Polearms
  2676 | D:3      | Killed Jessica
  2986 | D:4      | Noticed Ijyb
  3019 | D:5      | Entered Level 5 of the Dungeon
  3027 | D:5      | Reached XP level 7. HP: 6/53 MP: 9/9
  3365 | D:4      | Found a runed translucent door.
  3366 | D:4      | Noticed Crazy Yiuf
  3395 | D:4      | Killed Ijyb
  3702 | D:4      | Reached skill level 8 in Polearms
  3788 | D:5      | Noticed Edmund
  3817 | D:5      | Shot with an arrow by a centaur

Levels and vault maps discovered:
D:1:      onia_arrival_larder, layout_loops_ring, roderic_roman_lattice,
          minmay_heptomino_d4
D:2:      layout_loops_corners, lemuel_coloured_pillars_altar,
          lemuel_round_altar, nicolae_overflow_hidden_temple
D:3:      layout_basic, uniq_terence, uniq_robin, uniq_jessica
D:4:      layout_loops_ring, serial_bayou_pond_d, uniq_eustachio, uniq_ijyb,
          uniq_crazy_yiuf_cottage
D:5:      minmay_inner_zag, layout_loops_cross, elyvilon_altar_1,
          overflow_temple_1_default, first_ration, serial_shops, shop,
          uniq_edmund

Skill      XL: |  1  2  3  4  5  6  7 |
---------------+----------------------+-----
Polearms       | 3 4 6 7 8 |  8.1
Fighting       | |  1.7
Throwing       | |  1.7
Dodging        | |  2.6

Action                   |  1- 3 |  4- 6 |  7- 9 || total
-------------------------+-------+-------+-------++-------
Melee: Trident           |   158 |    57 |       ||   215
       Halberd           |       |    67 |    67 ||   134
       Spear             |       |    21 |       ||    21
Throw: Throwing net      |       |     6 |     2 ||     8
Evoke: Wand              |     2 |     2 |     7 ||    11
  Use: Scroll            |       |     7 |     3 ||    10
       Potion            |       |     1 |     1 ||     2
 Stab: Sleeping          |     7 |       |       ||     7
       Paralysed         |     4 |       |       ||     4
       Held in net/web   |       |     3 |       ||     3
  Eat: Chunk             |     2 |     4 |       ||     6
       Ration            |       |       |     1 ||     1
Armor: Chain mail        |    59 |    56 |    25 ||   140
       Ring mail         |     9 |       |       ||     9
       Leather armour    |     1 |       |       ||     1
Dodge: Dodged            |    64 |    48 |    47 ||   159
